 Dungeon Crawl Stone Soup version 0.19.4-10-g532645f (webtiles) character file.

778 Gargoyl the Chopper (level 7, -1/59 (60) HPs)
             Began as a Ghoul Abyssal Knight on Feb 22, 2017.
             Was a Believer of Lugonu.
             Slain by an ogre
             ... wielding a +0 giant club
              (13 damage)
             ... on level 4 of the Dungeon.
             The game lasted 00:11:08 (4056 turns).

Gargoyl the Chopper (Ghoul Abyssal Knight)          Turns: 4056, Time: 00:11:09

HP:   -1/59 (60)    AC: 13    Str: 16    XL:     7   Next: 85%
MP:   8/8           EV:  5    Int:  7    God:    Lugonu [**....]
Gold: 228           SH:  0    Dex: 10    Spells: 0 memorised, 6 levels left

rFire  . . .     SeeInvis .     j - +3 war axe
rCold  + . .     Gourm    .     e - +0 plate armour
rNeg   + + +     Faith    +     (no shield)
rPois  ∞         Spirit   .     f - +0 helmet
rElec  .         Reflect  .     (no cloak)
rCorr  .         Harm     .     (no gloves)
MR     .....                    (no boots)
Stlth  ..........               m - amulet of faith
                                (no ring)
                                (no ring)

@: rotting
A: rotting body, claws 1, carnivore 3, cold resistance 1, negative energy
resistance 3, slow regeneration 1, torment resistance, unbreathing
a: Depart the Abyss, Bend Space, Renounce Religion


You were on level 4 of the Dungeon.
You worshipped Lugonu.
Lugonu was pleased with you.
You were not hungry.

You visited 1 branch of the dungeon, and saw 4 of its levels.
You visited the Abyss 1 time.

You collected 228 gold pieces.

Inventory:

Hand Weapons
 a - a +1 hand axe
 j - a +3 war axe (weapon)
 n - a +0 war axe
Armour
 e - a +0 plate armour (worn)
 f - a +0 helmet (worn)
Jewellery
 m - an amulet of faith (around neck)
Wands
 b - a wand of polymorph (0/24)
Scrolls
 g - 2 scrolls of remove curse
 i - a scroll of identify
 k - a scroll of teleportation
Potions
 o - a potion of might
 p - a potion of flight {unknown}
 q - a potion of berserk rage {unknown}
Books
 h - a book of Transfigurations

   Spells                             Type                      Level
   a - Irradiate                      Conjuration/Transmutation    5
   b - Statue Form                    Transmutation/Earth          6
   c - Hydra Form                     Transmutation                6
   d - Dragon Form                    Transmutation                7
Comestibles
 c - a meat ration
 d - 2 slices of pizza


   Skills:
 + Level 4.3 Fighting
 + Level 5.0 Axes
 * Level 4.8 Armour
 + Level 1.2 Dodging
 * Level 3.9 Invocations


You had 6 spell levels left.
You didn't know any spells.

Dungeon Overview and Level Annotations

Branches:
Dungeon (4/15)
 Temple: D:4-7

Altars:
Qazlal
Trog


Innate Abilities, Weirdness & Mutations

Your body is rotting away.
You thrive on raw meat.
You are immune to poison.
You have sharp fingernails.
You are carnivorous and can eat meat at any time.
Your flesh is cold resistant. (rC+)
You are immune to negative energy. (rN+++)
You regenerate slowly when monsters are visible.
You are immune to unholy pain and torment.
You can survive without breathing.


Message History

Zapping:
b - a wand of polymorph {zapped: 10} (will waste charges)
Press: ? - help, Shift-Dir - straight line, f/p - ogre
Aim: an ogre, wielding a giant club (chance to defeat MR: 46%) Nothing appears to happen.
As you read the scroll labeled WAVVUE KOEQEKA, it crumbles to dust.
It is a scroll of amnesia.
You feel forgetful for a moment.
Your plate armour prevents you from hitting the ogre.
The ogre hits you with a giant club.
Your plate armour prevents you from hitting the ogre.
The ogre hits you with a giant club!
You barely miss the ogre. The ogre hits you but does no damage.
You slash the ogre!
The ogre is heavily wounded.
The ogre hits you with a giant club!!
* * * LOW HITPOINT WARNING * * *
You slash the ogre!
The ogre is severely wounded.
The ogre hits you with a giant club!
You die...

#. #.#...##.####### #.
#.#.#.##.#.....# #.
#.#.#.##.#.###.# #.
#.#.#.##.#.# #.# ##.
#.#.#.##.#.# #.# ..
..#.#.##.#.# #.#
######.####.#......# #.#
..........#.####.#####.#
......O@#.#.# #..÷....#
.#.#......#.# #.#######
#..........# ###
#######..#.# ######


You could see an ogre.

Vanquished Creatures
  Grinder (D:3)
  Duvessa (D:4)
  A phantom (D:4)
  An ogre (D:2)
  Dowan (D:4)
  Natasha (D:3)
  Ijyb (D:3)
  3 orc wizards
  3 adders (D:2)
  4 worms
  2 dart slugs
  3 leopard geckos
  8 orcs
  6 giant cockroaches
  3 goblins
  5 hobgoblins
  7 kobolds
  2 quokkas
  7 bats
  4 frilled lizards
  12 rats
76 creatures vanquished.

Notes
Turn   | Place    | Note
-------+----------+-------------------------------------------
     0 | Abyss:1  | Gargoyl the Ghoul Abyssal Knight began the quest for the Orb.
     0 | Abyss:1  | Reached XP level 1. HP: 19/19 MP: 1/1
    16 | Abyss:1  | Found a hide-covered altar of Uskayaw.
    45 | Abyss:1  | Noticed an ancient zyme
   118 | Abyss:3  | Found a corrupted altar of Lugonu.
   129 | Abyss:3  | Noticed a large abomination
   130 | Abyss:3  | Noticed a soul eater
   159 | Abyss:3  | Noticed a thrashing horror
   159 | D:1      | Escaped the Abyss
   235 | D:1      | Reached XP level 2. HP: 24/25 MP: 2/2
   375 | D:1      | Reached * piety under Lugonu
   426 | D:1      | Reached skill level 1 in Dodging
   694 | D:1      | Reached XP level 3. HP: 33/33 MP: 3/3
  1023 | D:2      | Reached skill level 2 in Axes
  1293 | D:2      | Found a bloodstained altar of Trog.
  1319 | D:2      | Reached XP level 4. HP: 37/38 MP: 4/4
  1553 | D:2      | Found a stormy altar of Qazlal.
  1904 | D:3      | Noticed an ogre
  2001 | D:2      | Reached XP level 5. HP: 11/46 MP: 5/5
  2136 | D:2      | Killed an ogre
  2136 | D:2      | Reached skill level 3 in Axes
  2290 | D:3      | Noticed Ijyb
  2303 | D:3      | Killed Ijyb
  2303 | D:3      | Reached XP level 6. HP: 38/52 MP: 7/7
  2567 | D:3      | Reached ** piety under Lugonu
  2633 | D:3      | Noticed Natasha
  2640 | D:3      | Killed Natasha
  2686 | D:3      | Noticed Grinder
  2690 | D:3      | Paralysed by Grinder for 5 turns
  2698 | D:3      | Paralysed by Grinder for 5 turns
  2706 | D:3      | Paralysed by Grinder for 2 turns
  2738 | D:3      | Paralysed by Grinder for 7 turns
  2745 | D:3      | Killed Grinder
  2745 | D:3      | Reached skill level 4 in Axes
  2745 | D:3      | Reached XP level 7. HP: 20/59 MP: 8/8
  3403 | D:4      | Noticed a moth of wrath
  3406 | D:4      | Found a bloodstained altar of Trog.
  3787 | D:4      | Noticed Dowan
  3789 | D:4      | Noticed Duvessa
  3818 | D:4      | Killed Duvessa
  3838 | D:4      | Killed Dowan
  3842 | D:4      | Reached skill level 5 in Axes
  4056 | D:4      | Slain by an ogre

Skill      XL: |  1  2  3  4  5  6  7 |
---------------+----------------------+-----
Armour         | 2 3 4 |  4.8
Dodging        | 1 |  1.2
Axes           | 2 3 4 5 |  5.0
Fighting       | 4 |  4.3
Invocations    | 3 |  3.9

Action                   |  1- 3 |  4- 6 |  7- 9 || total
-------------------------+-------+-------+-------++-------
Melee: Hand axe          |   142 |   108 |       ||   250
       War axe           |       |    39 |    86 ||   125
Invok: Depart the Abyss  |     1 |       |       ||     1
Evoke: Wand              |       |       |     1 ||     1
  Use: Scroll            |     3 |    11 |     1 ||    15
       Potion            |       |     3 |     5 ||     8
  Eat: Chunk             |     9 |    14 |    12 ||    35
Armor: Plate armour      |   158 |   105 |    84 ||   347
Dodge: Dodged            |    43 |    32 |    20 ||    95
